 Dungeon Crawl Stone Soup version 0.28-a0-544-g207b005307 (webtiles) character file.

Game seed: 12149163644132340249

6143 IndexError the Grappler (level 10, -6/111 HPs)
             Began as a Troll Cinder Acolyte on Sept 28, 2021.
             Was an Elder of Ignis.
             Mangled by a killer bee (7 damage)
             ... on level 8 of the Dungeon.
             The game lasted 00:13:51 (7300 turns).

IndexError the Grappler (Troll Cinder Acolyte)      Turns: 7300, Time: 00:13:51

Health: -6/111     AC:  6    Str: 30    XL:     10   Next: 59%
Magic:  10/10      EV:  9    Int: 10    God:    Ignis [****..]
Gold:   324        SH:  0    Dex:  8    Spells: 11/11 levels left

rFire   + . .      SeeInvis .     - Unarmed
rCold   . . .      Faith    .   (no shield)
rNeg    + . .      Spirit   .   l - +0 robe {rN+}
rPois   .          Reflect  .   c - +2 hat
rElec   .          Harm     .   (no cloak)
rCorr   .          Rampage  .   (gloves unavailable)
Will    +....                   (boots unavailable)
Stlth   +.........              (no amulet)
HPRegen 1.28/turn               q - +6 ring of strength
MPRegen 0.12/turn               t - ring of willpower

@: lethally poisoned (-6 -> -6), hasted, very quick
A: large, unfitting armour, claws 3, regeneration 1, shaggy fur 1, tough skin 1
a: Renounce Religion, Sea of Fire, Foxfire Swarm, Rising Flame


You were on level 8 of the Dungeon.
You worshipped Ignis.
Ignis was greatly pleased with you.
You visited 2 branches of the dungeon, and saw 9 of its levels.
You also visited: Sewer.

You collected 324 gold pieces.

Inventory:

Missiles
 b - 6 boomerangs
 g - 6 javelins (quivered)
Armour
 c - a +2 hat (worn)
   (You found it on level 1 of the Dungeon)
 l - a +0 robe of positive energy (worn)
   (You took it off an orc wizard on level 6 of the Dungeon)
Magical Staves
 u - a staff of death {rN+}
   (You found it on level 8 of the Dungeon)
Jewellery
 a - a +6 ring of intelligence
   (You found it on level 7 of the Dungeon)
 q - a +6 ring of strength (left claw)
   (You found it on level 3 of the Dungeon)
 r - an amulet of faith {Faith, !P}
   (You found it on level 3 of the Dungeon)
 t - a ring of willpower (right claw)
   (You found it on level 4 of the Dungeon)
 C - a ring of magical power {MP+9}
   (You found it on level 5 of the Dungeon)
Wands
 d - a wand of polymorph (6)
   (You took it off a centaur on level 7 of the Dungeon)
Scrolls
 j - 5 scrolls of teleportation
 n - a scroll of immolation {!r}
 o - a scroll of holy word {!r}
 p - a scroll of amnesia {unknown}
 s - a scroll of identify
 v - 2 scrolls of fog
Potions
 e - a potion of magic {unknown}
 f - a potion of lignification {unknown}
 h - 2 potions of degeneration {unknown}
 i - a potion of cancellation {unknown}
 m - a potion of attraction {unknown}
 w - 2 potions of invisibility {unknown}
 z - 3 potions of heal wounds {unknown}
 A - a potion of resistance {unknown}
 D - a potion of flight
 E - a potion of brilliance {unknown}


   Skills:
 + Level 10.4 Fighting
 - Level 11.2 Unarmed Combat
 - Level 1.0 Spellcasting
 - Level 2.1 Fire Magic


You had 11 spell levels left.
You didn't know any spells.
Your spell library contained the following spells:

 Spells                   Type           Power      Damage    Failure   Level
 Scorch                   Fire           8%         2d5       22%         2
 Magic Dart               Conj           0%         1d3       34%         1
 Call Imp                 Summ           0%         N/A       45%         2
 Mephitic Cloud           Conj/Pois/Air  0%         N/A       71%         3


Dungeon Overview and Level Annotations

Branches:
Dungeon (8/15)             Temple (1/1) D:7           Sewer (visited)
   Lair: D:8-11

Altars:
Ashenzari
Cheibriados
Dithmenos
Elyvilon
Gozag
Hepliaklqana
Kikubaaqudgha
Makhleb
Nemelex Xobeh
Okawaru
Qazlal
Ru
Sif Muna
Trog
Uskayaw
Vehumet
Wu Jian
Xom
Yredelemnul
Zin
The Shining One

Shops:
D:2 =   D:4 *?   D:7 *


Innate Abilities, Weirdness & Mutations

You are too large for most types of armour.
You have claws for hands.
Your natural rate of healing is unusually fast.
You are covered in fur. (AC +1)
You have tough skin. (AC +1)


Message History

You miss the killer bee.
You feel sick. The killer bee stings you.
* * * LOW HITPOINT WARNING * * *
The killer bee stings you but does no damage.
You take 5 damage, and have 9/110 hp.
You closely miss the killer bee. Your claw misses the killer bee.
You feel sick. The killer bee barely misses you.
The killer bee closely misses you.
You take 1 damage, and have 8/110 hp.
It was a potion of curing.
You feel better. The killer bee stings you.
* * * LOW HITPOINT WARNING * * *
The killer bee barely misses you.
You regained 8 hp, and now have 16/110 hp.
You scratch the killer bee. The killer bee stings you.
* * * LOW HITPOINT WARNING * * *
You take 2 damage, and have 14/110 hp.
You miss the killer bee.
The killer bee stings you but does no damage.
The killer bee barely misses you.
You miss the killer bee. You claw the killer bee.
The killer bee closely misses you.
You miss the killer bee. The killer bee stings you.
* * * LOW HITPOINT WARNING * * *
The killer bee barely misses you.
You miss the killer bee. The killer bee closely misses you.
You miss the killer bee. The killer bee stings you!
* * * LOW HITPOINT WARNING * * *
The killer bee stings you but does no damage.
You take 7 damage, and have 10/110 hp.
You feel better. The killer bee barely misses you.
The killer bee closely misses you.
You regained 9 hp, and now have 19/110 hp.
You barely miss the killer bee. Your claw misses the killer bee.
The killer bee stings you but does no damage.
You closely miss the killer bee.
The killer bee stings you but does no damage.
The killer bee barely misses you.
You claw the killer bee! The killer bee closely misses you.
The killer bee stings you!
* * * LOW HITPOINT WARNING * * *
You take 6 damage, and have 15/110 hp.
You miss the killer bee. The killer bee stings you.
* * * LOW HITPOINT WARNING * * *
You take 2 damage, and have 13/110 hp.
You barely miss the killer bee. The killer bee stings you!
* * * LOW HITPOINT WARNING * * *
You are poisoned.
The killer bee poisons you!
The killer bee stings you but does no damage.
You take 7 damage, and have 6/110 hp.
You miss the killer bee. Your claw misses the killer bee.
You feel sick. The killer bee barely misses you.
You take 1 damage, and have 5/110 hp.
You feel better.
The killer bee stings you but does no damage.
The killer bee closely misses you.
You regained 6 hp, and now have 11/110 hp.
You feel better. The killer bee completely misses you.
The killer bee stings you but does no damage.
You regained 10 hp, and now have 21/110 hp.
You feel yourself speed up. The killer bee barely misses you. x2
You regained 2 hp, and now have 23/110 hp.
You barely miss the killer bee. Your claw misses the killer bee.
The killer bee stings you.
* * * LOW HITPOINT WARNING * * *
You take 5 damage, and have 18/110 hp.
You scratch the killer bee. The killer bee stings you.
* * * LOW HITPOINT WARNING * * *
You take 4 damage, and have 14/110 hp.
You miss the killer bee. The killer bee stings you.
* * * LOW HITPOINT WARNING * * *
You take 3 damage, and have 11/110 hp.
You miss the killer bee. The killer bee closely misses you.
You mangle the killer bee!! You mangle the killer bee!!
You scratch the killer bee but do no damage.
The killer bee stings you but does no damage.
You closely miss the killer bee. The killer bee stings you.
* * * LOW HITPOINT WARNING * * *
The killer bee stings you.
* * * LOW HITPOINT WARNING * * *
You take 11 damage, and have 2/111 hp.
You barely miss the killer bee. Your claw misses the killer bee.
The killer bee stings you.
* * * LOW HITPOINT WARNING * * *
You take 1 damage, and have 1/111 hp.
You scratch the killer bee but do no damage.
The killer bee barely misses you.
You mangle the killer bee!! You miss the killer bee.
The killer bee closely misses you.
You claw the killer bee! The killer bee barely misses you.
You miss the killer bee. The killer bee barely misses you.
The killer bee stings you.
* * * LOW HITPOINT WARNING * * *
You are poisoned.
The killer bee poisons you!
You take 2 damage, and have 2/111 hp.
You miss the killer bee.
* * * LOW HITPOINT WARNING * * *
You feel sick. The killer bee stings you!
You die...

###..##.##..# .
.......>..# # #..
#..##.#..#
.....##..#[..#.#
#.....)........+
...####.##.....# #
#.###.#..# # ..# #y#
.# ## #### #@# .# ##.
##'## .# ##.. ##...##
..###+###))#
##.....###......)))##
##.......###.##..)###
#.........##......####
+.....†...+...........
#.........####....####
##.......## ##.#.####


You could see a killer bee.

Vanquished Creatures
  A hydra (D:6)
  A cyclops (D:7)
  A komodo dragon (shapeshifter) (D:8)
  A slime creature (D:8)
  A wraith (D:7)
  2 wyverns
  A yak (D:8)
  2 steam dragons
  Menkaure (D:4)
  An acid dragon (D:6)
  2 orc warriors
  3 water moccasins
  2 sky beasts
  5 ogres
  4 centaurs
  A phantom (D:6)
  2 kobold brigands
  Blork the orc (D:6)
  3 bullfrogs
  A wyvern zombie (D:7)
  2 scorpions
  A water moccasin skeleton (D:4)
  10 killer bees
  3 wights (D:7)
  4 centaur zombies
  A gnoll shaman (D:7)
  6 jellies
  A bullfrog skeleton (D:5)
  2 centaur skeletons
  3 orc priests (D:6)
  3 hounds
  An orc wizard (D:6)
  A killer bee zombie (D:5)
  A hound zombie (D:5)
  2 hound skeletons
  2 howler monkey skeletons
  6 gnolls (D:7)
  9 adders
  3 river rats (Sewer)
  A shadow imp (D:5)
  An ufetubus (D:5)
  A worm (D:2)
  2 dart slugs
  22 orcs
  11 ball pythons
  13 endoplasms
  6 giant cockroaches
  3 goblins
  6 hobgoblins
  4 jackals (D:1)
  11 quokkas
  11 bats
  12 frilled lizards
  22 kobolds
  4 rats
227 creatures vanquished.

Vanquished Creatures (others)
  64 foxfires
  2 fungi (D:2)
  9 toadstools (D:2)
75 creatures vanquished.

Grand Total: 302 creatures vanquished

Notes
Turn   | Place    | Note
-------+----------+-------------------------------------------
     0 | D:1      | IndexError the Troll Cinder Acolyte began the quest for the
                  | Orb.
     0 | D:1      | Reached XP level 1. HP: 22/22 MP: 1/1
   122 | D:1      | Reached XP level 2. HP: 29/29 MP: 2/2
   246 | D:1      | Reached skill level 3 in Fighting
   247 | D:1      | Reached XP level 3. HP: 37/37 MP: 3/3
   561 | D:2      | Found a sacrificial altar of Ru.
   623 | D:2      | Reached skill level 4 in Unarmed Combat
   657 | D:2      | Reached XP level 4. HP: 44/45 MP: 4/4
   667 | D:2      | Reached XP level 5. HP: 47/54 MP: 5/5
   945 | D:2      | Reached skill level 4 in Fighting
  1135 | D:2      | Found Ubapivoe's Jewellery Shop.
  1211 | D:3      | Found a faded altar of an unknown god.
  1691 | D:3      | Reached skill level 5 in Unarmed Combat
  1929 | D:4      | Noticed an ogre
  1929 | D:4      | Noticed a sky beast
  1934 | D:3      | Killed an ogre
  1935 | D:3      | Reached XP level 6. HP: 41/63 MP: 6/6
  2019 | D:4      | Found Dizunuyd's Magic Scroll Boutique.
  2196 | D:4      | Killed a sky beast
  2290 | D:4      | Reached skill level 5 in Fighting
  2290 | D:4      | Reached skill level 6 in Unarmed Combat
  2290 | D:4      | Reached XP level 7. HP: 72/72 MP: 7/7
  2369 | D:4      | Noticed Menkaure
  2391 | D:4      | Killed Menkaure
  2458 | D:4      | Found Qynk's Serpentskin Sales.
  2469 | D:4      | Reached skill level 7 in Unarmed Combat
  2477 | D:4      | HP: 17/74 [adder (3)]
  2482 | D:4      | HP: 12/74 [poisoned by an adder]
  2487 | D:4      | HP: 13/74 [poisoned by an adder]
  2649 | D:5      | Entered Level 5 of the Dungeon
  2666 | D:5      | Reached skill level 6 in Fighting
  2666 | D:5      | Reached XP level 8. HP: 76/83 MP: 8/8
  2826 | D:5      | Found a glowing drain.
  2841 | Sewer    | Entered a sewer
  3418 | D:5      | Found a glowing silver altar of Zin.
  3451 | D:5      | Reached skill level 8 in Unarmed Combat
  4096 | D:6      | Noticed Blork the orc
  4106 | D:6      | Killed Blork the orc
  4332 | D:6      | Reached skill level 7 in Fighting
  4424 | D:6      | Found a large runed translucent door.
  4425 | D:6      | Found a large runed translucent door.
  4544 | D:6      | Reached XP level 9. HP: 93/93 MP: 9/9
  4619 | D:6      | Reached skill level 9 in Unarmed Combat
  4719 | D:6      | Noticed a seven-headed hydra
  4736 | D:6      | Killed a seven-headed hydra
  4737 | D:6      | Reached skill level 8 in Fighting
  4783 | D:6      | Reached skill level 10 in Unarmed Combat
  5241 | D:6      | Found a bloodstained altar of Trog.
  5246 | D:6      | Found a burning altar of Makhleb.
  5313 | D:7      | Noticed a cyclops
  5521 | D:7      | Killed a cyclops
  5605 | D:7      | Found a staircase to the Ecumenical Temple.
  5631 | D:7      | Reached skill level 9 in Fighting
  5631 | D:7      | Reached XP level 10. HP: 76/107 MP: 10/10
  5720 | D:7      | Found Zuquow's General Store.
  5958 | D:7      | Reached skill level 11 in Unarmed Combat
  6159 | D:7      | Found an iron altar of Okawaru.
  6479 | Temple   | Entered the Ecumenical Temple
  6956 | D:8      | Noticed a boulder beetle
  7081 | D:8      | Reached skill level 10 in Fighting
  7262 | D:8      | HP: 27/110 [killer bee (5)]
  7267 | D:8      | HP: 14/110 [poisoned by a killer bee]
  7273 | D:8      | HP: 16/110 [killer bee (1)]
  7279 | D:8      | HP: 15/110 [killer bee (7)]
  7281 | D:8      | HP: 6/110 [killer bee (8)]
  7286 | D:8      | HP: 18/110 [killer bee (5)]
  7293 | D:8      | HP: 8/111 [killer bee (6)]
  7293 | D:8      | HP: 2/111 [killer bee (6)]
  7299 | D:8      | HP: 2/111 [killer bee (3)]
  7300 | D:8      | Mangled by a killer bee

Illustrated notes

Levels and vault maps discovered:
D:1:      dpeg_arrival_rooms_a, layout_rooms, minmay_tromino_i2
D:2:      cheibrodos_fertilizer, layout_rooms, basic_altar, serial_shops,
          nicolae_shop_stone
D:3:      layout_loops_cross, ebering_ecumenical_altar_ruins,
          minmay_misc_feat_cross
D:4:      layout_cave_pools, serial_shops, shop, grunt_ministairs_15,
          kennysheep_path_1, guppyfry_shop_venom, uniq_menkaure
D:5:      layout_layer_cave, mainiacjoe_overflow_small_starburst,
          gup_sewer_entry_pipe
D:6:      minmay_cornered_nines, layout_loops_ring, jmf_multi_god_temple2,
          uniq_blork_the_orc
D:7:      layout_loops_ring, okawaru_gym_becter, temple_fountains, serial_shops,
          nicolae_lakefront_shop, item_on_display_a
D:8:      minmay_the_grid_octo_2x2 [minmay_the_grid_octo_fan_narrow,
          minmay_the_grid_octo_focus, minmay_the_grid_octo_teeth,
          minmay_the_grid_octo_prize_star], layout_loops_corners
Temple:   nicolae_temple_elliptical

Skill      XL: |  1  2  3  4  5  6  7  8  9 10 |
---------------+-------------------------------+-----
Fighting       | 3 4 5 6 7 9 10 | 10.4
Unarmed Combat | 4 5 6 7 8 10 11 | 11.2
Spellcasting   | |  1.0
Fire Magic     | |  2.1

Action                   |  1- 3 |  4- 6 |  7- 9 | 10-12 || total
-------------------------+-------+-------+-------+-------++-------
Melee: Unarmed           |    81 |   139 |   251 |   137 ||   608
       Punch             |     1 |     1 |     8 |     4 ||    14
Throw: Javelin           |       |       |     3 |       ||     3
Invok: Foxfire Swarm     |       |     1 |     3 |       ||     4
  Use: Scroll            |       |       |    13 |       ||    13
       Potion            |       |       |       |     5 ||     5
 Stab: Distracted        |       |       |     1 |       ||     1
Armor: Robe              |    39 |    52 |    87 |    55 ||   233
Dodge: Dodged            |    53 |    74 |   107 |    77 ||   311

Table legend: (Time is in decaauts)
 A = Elapsed time spent in this place.
 B = Non-inter-level travel time spent in this place.
 C = Inter-level travel time spent in this place.
 D = Time resting spent in this place.
 E = Time spent auto-exploring this place.
 F = Levels seen in this place.
 G = Mean time per level.
                   A        B        C        D        E       F      G
               +--------+--------+--------+--------+--------+-----+--------+
         Total |   7286 |   6395 |    891 |     24 |   4947 |  10 |  728.6 |
       Dungeon |   6792 |   5937 |    855 |     24 |   4609 |   8 |  849.0 |
        Temple |    179 |    143 |     36 |      0 |    130 |   1 |  179.0 |
         Sewer |    314 |    314 |      0 |      0 |    207 |   1 |  314.0 |
               +--------+--------+--------+--------+--------+-----+--------+

Top non-repeatable levels by time:
     D:6: 1343 daAuts
     D:5: 1188 daAuts
     D:7: 1010 daAuts
     D:2: 775 daAuts
     D:3: 698 daAuts
     D:4: 680 daAuts
     D:8: 556 daAuts
     D:1: 538 daAuts
   Sewer: 314 daAuts
  Temple: 179 daAuts

Table legend:
 A = Kills in this place as a percentage of kills in entire the game.
 B = Kills by you in this place as a percentage of kills by you in the entire game.
 C = Kills by friends in this place as a percentage of kills by friends in the entire game.
 D = Other kills in this place as a percentage of other kills in the entire game.
 E = Experience gained in this place as a percentage of experience gained in the entire game.
 F = Experience gained in this place divided by the number of levels of this place that you have seen.
                   A       B       C       D       E      F
               +-------+-------+-------+-------+-------+----------------------
         Total | 100.0 | 100.0 |   N/A |   N/A | 100.0 | 877.6
       Dungeon |  93.0 |  93.0 |   N/A |   N/A |  99.2 | 1088.5
         Sewer |   7.0 |   7.0 |   N/A |   N/A |   0.8 |  68.0
               +-------+-------+-------+-------+-------+----------------------
